 Dungeon Crawl Stone Soup version 0.19-a0-867-g949743d (webtiles) character file.

76 matakusis the Ducker (level 4, 0/34 HPs)
             Began as a Demonspawn Gladiator on July 3, 2016.
             Slain by a gnoll
             ... wielding a +0 club
              (6 damage)
             ... on level 2 of the Dungeon.
             The game lasted 00:04:24 (1952 turns).

matakusis the Ducker (Demonspawn Gladiator)         Turns: 1952, Time: 00:04:24

Health: 0/34       AC:  7    Str: 15    XL:     4   Next: 12%
Magic:  4/4        EV: 13    Int:  9    God:
Gold:   52         SH:  0    Dex: 15    Spells: 0 memorised, 3 levels left

rFire  . . .     SeeInvis .     a - +0 long sword
rCold  . . .     Gourm    .     b - +0 leather armour
rNeg   . . .     Faith    .     (no shield)
rPois  .         Spirit   .     c - +0 helmet
rElec  .         Dismiss  .     (no cloak)
rCorr  .         Reflect  .     (no gloves)
SustAt .         Harm     .     (no boots)
MR     .....                    (no amulet)
Stlth  +.........               (no ring)
                                n - ring of flight

@: not resistant to hostile enchantments, very unstealthy
A: yellow scales 2
a: Evoke Flight


You were on level 2 of the Dungeon.
You were not hungry.

You visited 1 branch of the dungeon, and saw 2 of its levels.

You collected 52 gold pieces.

Inventory:

Hand Weapons
 a - a +0 long sword (weapon)
Missiles
 d - 3 throwing nets (quivered)
Armour
 b - a +0 leather armour (worn)
 c - a +0 helmet (worn)
Jewellery
 n - a ring of flight (left hand)
Wands
 p - a wand of disintegration (13/24)
Scrolls
 i - 2 scrolls of identify {unknown}
 k - a scroll of enchant armour {unknown}
 l - a scroll of remove curse {unknown}
Potions
 e - 2 potions of heal wounds {unknown}
 h - a potion of mutation {unknown}
Comestibles
 f - 2 bread rations
 g - 2 meat rations
 j - 2 chunks of flesh
 m - a royal jelly
 o - a beef jerky


   Skills:
 * Level 2.6 Fighting
 + Level 3.1 Long Blades
 + Level 1.9 Throwing
 + Level 0.5 Armour
 * Level 3.7 Dodging


You had 3 spell levels left.
You didn't know any spells.

Dungeon Overview and Level Annotations

Branches:
Dungeon (2/15)

Altars:
Ashenzari
Nemelex Xobeh


Innate Abilities, Weirdness & Mutations

You are mostly covered in yellow scales. (AC +3)


Message History

The gnoll is almost dead.
The gnoll closely misses you.
You riposte.
You slash the gnoll!
You kill the gnoll!
Your Long Blades skill increases to level 3!
You have reached level 4!
You feel agile.
Your demonic ancestry asserts itself...
Yellow scales spread over more of your body.
The gnoll hits you with a club.
* * * LOW HITPOINT WARNING * * *
Some of the chunks of flesh in your inventory have rotted away.
Things that are here:
a flail; a gnoll corpse x2
You hit the gnoll.
The gnoll is lightly wounded.
The gnoll hits you with a club.
* * * LOW HITPOINT WARNING * * *
You hit the gnoll but do no damage.
The gnoll is lightly wounded.
The gnoll hits you with a club.
You die...

### ###############.#
......g@........##
###############..#
#.......# #.####..# ..
#.# #..# ..# .# #.# #..#
#.# #.# #.# #..# #.# #.#
#.# #..#
#.########.#####.####..#


You could see a gnoll.

Vanquished Creatures
  2 gnolls (D:2)
  2 adders (D:2)
  4 dart slugs
  2 giant geckos (D:1)
  5 goblins
  6 hobgoblins
  3 bats
  2 giant newts (D:1)
  5 rats
31 creatures vanquished.

Notes
Turn   | Place    | Note
-------+----------+-------------------------------------------
     0 | D:1      | matakusis the Demonspawn Gladiator began the quest for the Orb.
     0 | D:1      | Reached XP level 1. HP: 16/16 MP: 1/1
   235 | D:1      | Gained mutation: You are partially covered in yellow scales. (AC +2) [demonic ancestry]
   235 | D:1      | Reached XP level 2. HP: 21/22 MP: 2/2
  1358 | D:1      | Reached XP level 3. HP: 27/27 MP: 3/3
  1690 | D:2      | Found a shattered altar of Ashenzari.
  1713 | D:2      | Found a sparkling altar of Nemelex Xobeh.
  1862 | D:2      | Found a faded altar of an unknown god.
  1949 | D:2      | Gained mutation: You are mostly covered in yellow scales. (AC +3) [demonic ancestry]
  1949 | D:2      | Reached XP level 4. HP: 12/34 MP: 4/4
  1952 | D:2      | Slain by a gnoll

Vault maps used:
D:1:      dpeg_arrival_court
D:2:      overflow_temple_1_default, old_standard_altar, ecumenical_altar_1,
          uniq_jessica

Skill      XL: |  1  2  3 |
---------------+----------+-----
Dodging        | 3 |  3.7
Long Blades    | 3 |  3.1
Fighting       | |  2.6
Throwing       | |  1.9
Armour         | |  0.5

Action                   |  1- 3 |  4- 6 || total
-------------------------+-------+-------++-------
Melee: Long sword        |   120 |     2 ||   122
  Eat: Chunk             |     3 |       ||     3
Armor: Leather armour    |    24 |       ||    24
Dodge: Dodged            |    68 |       ||    68
